 Dungeon Crawl Stone Soup version 0.29-a0-557-g43b9904bd1 (webtiles) character file.

Game seed: 5958293927037862644

11473 lunkers the Geomancer (level 11, 0/74 HPs)
             Began as a Demigod Earth Elementalist on June 8, 2022.
             Slain by a black mamba (5 damage)
             ... on level 1 of the Lair of Beasts.
             The game lasted 00:16:00 (13595 turns).

lunkers the Geomancer (Demigod Earth Elementalist) Turns: 13595, Time: 00:16:01

Health: 0/74       AC: 11    Str:  9    XL:     11   Next: 25%
Magic:  8/26       EV: 11    Int: 35    God:
Gold:   615        SH:  0    Dex: 14    Spells: 14/24 levels left

rFire   . . .      SeeInvis .   l - +3 short sword (elec)
rCold   . . .      Faith    .   (no shield)
rNeg    . . .      Spirit   .   n - +3 leather armour
rPois   .          Reflect  .   m - +1 helmet
rElec   .          Harm     .   H - +1 cloak
rCorr   .          Rampage  .   (no gloves)
Will    ++...                   B - +0 pair of boots
Stlth   ++........              C - amulet of regeneration
HPRegen 1.02/turn               d - +6 ring of intelligence
MPRegen 0.20/turn               w - ring of willpower

@: lethally poisoned (0 -> -21)
A: high MP 1, forlorn, divine attributes
a: no special abilities


You were on level 1 of the Lair of Beasts.
You visited 2 branches of the dungeon, and saw 12 of its levels.

You collected 615 gold pieces.

Inventory:

Hand Weapons
 l - a +3 short sword of electrocution (weapon)
Missiles
 a - 251 stones
Armour
 m - a +1 helmet (worn)
 n - a +3 leather armour (worn)
 B - a +0 pair of boots (worn)
 H - a +1 cloak (worn)
 I - the +0 scale mail of Ommahogo {Regen+ rCorr Int+4}
   (You found it on level 8 of the Dungeon)

   Int:       It affects your intelligence (+4).
   Regen:     It increases your rate of health regeneration.
   rCorr:     It protects you from acid and corrosion.
Jewellery
 b - a +4 ring of evasion
 d - a +6 ring of intelligence (left hand)
 k - a ring of protection from fire
 w - a ring of willpower (right hand)
 x - a ring of ice
 C - an amulet of regeneration (around neck)
 K - a +6 ring of strength
Wands
 o - a wand of digging (14)
 q - a wand of acid (26)
 y - a wand of paralysis (14)
 A - a wand of iceblast (22)
Scrolls
 f - 3 scrolls of fear
 i - 2 scrolls of teleportation
 p - 2 scrolls of amnesia
 t - 2 scrolls of magic mapping
 v - 3 scrolls of enchant weapon
 z - a scroll of vulnerability
 M - a scroll of torment {unknown}
Potions
 c - a potion of magic
 e - 2 potions of attraction
 g - 5 potions of brilliance
 h - 2 potions of invisibility
 j - 4 potions of cancellation
 r - 3 potions of resistance
 s - a potion of haste
 u - 4 potions of flight
 D - 3 potions of heal wounds
 E - a potion of lignification
 F - 4 potions of curing
 G - a potion of ambrosia
 J - a potion of mutation
Miscellaneous
 L - a tin of tremorstones (1/2)


   Skills:
 - Level 1.7 Dodging
 - Level 1.7 Stealth
 + Level 7.2 Spellcasting
 * Level 10.5 Conjurations
 - Level 0.8 Transmutations
 * Level 11.2 Earth Magic


You had 14 spell levels left.
You knew the following spells:

 Your Spells              Type           Power      Damage    Failure   Level
a - Stone Arrow           Conj/Erth      100%       3d13      1%          3
b - Passwall              Tmut/Erth      44%        N/A       1%          2
c - Sandblast             Erth           100%       2d20      1%          1
d - Petrify               Tmut/Erth      53%        N/A       3%          4

Your spell library contained the following spells:

 Spells                   Type           Power      Damage    Failure   Level
 Magic Dart               Conj           100%       1d8       1%          1
 Searing Ray              Conj           100%       2d8       1%          2
 Dazzling Flash           Conj/Hex       98%        N/A       1%          3
 Summon Small Mammal      Summ           48%        N/A       4%          1
 Wereblood                Tmut           18%        N/A       4%          2
 Leda's Liquefaction      Hex/Erth       25%        N/A       4%          4
 Fulminant Prism          Conj/Hex       24%        3d13      5%          4
 Iskenderun's Mystic Bla  Conj/Tloc      49%        2d11      5%          4
 Ensorcelled Hibernation  Hex/Ice        24%        N/A       7%          2
 Scorch                   Fire           24%        2d6       7%          2
 Call Canine Familiar     Summ           12%        N/A       14%         3
 Portal Projectile        Hex/Tloc       24%        N/A       14%         3
 Swiftness                Air            12%        N/A       14%         3
 Lightning Bolt           Conj/Air       24%        1d40      16%         5
 Airstrike                Air            6%         N/A       43%         4
 Summon Lightning Spire   Summ/Air       12%        N/A       43%         4
 Statue Form              Tmut/Erth      35%        N/A       52%         6
 Starburst                Conj/Fire      24%        6d8       63%         6
 Agony                    Necr           12%        N/A       78%         5
 Silence                  Hex/Air        6%         N/A       78%         5
 Eringya's Noxious Bog    Tmut/Pois      7%         N/A       99%         6
 Chain Lightning          Conj/Air       24%        3d32      100%        9


Dungeon Overview and Level Annotations

Branches:
Dungeon (11/15)            Temple (0/1) D:6            Lair (1/6) D:9
    Orc (0/2) D:10

Shops:
D:3 !*   D:9 [(**

Annotations:
D:6 1 runed translucent door, Seanster0919's ghost, novice MiFi


Innate Abilities, Weirdness & Mutations

You have an increased reservoir of magic. (+10% MP)
You shall have no god before yourself.
Your divine heritage dramatically boosts your attributes as you level up.


Message History

Casting: Sandblast (safe; 1% risk of failure)
Confirm with . or Enter, or press ? or * to list all spells.
Aiming: Sandblast (safe; 1% risk of failure)
Press: ? - help, Shift-Dir - straight line, f/p - black mamba
Aim: a black mamba (73% to hit)
The blast of sand hits the black mamba!
The black mamba is heavily wounded.
You feel very sick. The black mamba bites you.
* * * LOW HITPOINT WARNING * * *
You are more poisoned.
The black mamba poisons you! The black mamba misses you.
Unknown command.
Casting: Sandblast (safe; 1% risk of failure)
Confirm with . or Enter, or press ? or * to list all spells.
Aiming: Sandblast (safe; 1% risk of failure)
Press: ? - help, Shift-Dir - straight line, f/p - black mamba
Aim: a black mamba (heavily wounded, 73% to hit)
The blast of sand hits the black mamba!
The black mamba is heavily wounded.
* * * LOW HITPOINT WARNING * * *
You feel very sick. The black mamba bites you.
* * * LOW HITPOINT WARNING * * *
You are lethally poisoned!
The black mamba poisons you! The black mamba bites you.
* * * LOW HITPOINT WARNING * * *
Unknown command.
Unknown command.
Casting: Sandblast (safe; 1% risk of failure)
Confirm with . or Enter, or press ? or * to list all spells.
Aiming: Sandblast (safe; 1% risk of failure)
Press: ? - help, Shift-Dir - straight line, f/p - black mamba
Aim: a black mamba (heavily wounded, 73% to hit)
The blast of sand hits the black mamba.
The black mamba is severely wounded.
* * * LOW HITPOINT WARNING * * *
You feel extremely sick. The black mamba completely misses you.
The black mamba bites you.
You die...

##..# ###.#.. ###
#.....# # #.#### ......#
.####....#### #.....#
..#.......#.# #.....##
#...........# ##......##
###†........###÷@.....!#
#P.........)###†S##...#
##.......Y..##....#.. #
##..................#
##................##
#...........P##.##
##...?.....### ##
#..........
#...........#


You could see a black mamba.

Vanquished Creatures
  Josephine (D:10)
  Erica (D:9)
  A death yak (D:9)
  An ugly thing (D:11)
  Joseph (D:8)
  2 cane toads (Lair:1)
  2 komodo dragons (Lair:1)
  2 hornets (D:10)
  4 wraiths (D:10)
  2 wyverns (D:9)
  20 yaks
  A steam dragon (D:6)
  3 water moccasins
  2 orc warriors
  A sky beast (D:8)
  3 black bears
  4 ice beasts
  4 centaurs
  2 ogres
  3 phantoms
  A kobold brigand (D:7)
  Blork the orc (D:5)
  2 bullfrogs
  A gnoll sergeant (D:10)
  A necrophage (D:4)
  4 killer bees (D:9)
  4 howler monkeys
  2 electric eels (D:8)
  2 orc priests
  A jelly (D:5)
  4 hounds (D:5)
  A gnoll shaman (D:9)
  2 iguanas
  5 orc wizards
  Terence (D:2)
  8 ogre zombies (D:10)
  Robin (D:2)
  13 gnolls
  2 adders
  2 shadow imps
  2 white imps
  2 ufetubi
  2 worms
  2 dart slugs (D:3)
  40 orcs
  3 ball pythons
  2 bats (D:1)
  11 endoplasms
  2 giant cockroaches (D:3)
  20 goblins
  11 hobgoblins
  7 jackals
  2 quokkas
  A frilled lizard (D:2)
  A goblin skeleton (D:10)
  4 goblin zombies (D:10)
  5 hobgoblin zombies (D:10)
  9 kobolds
  3 orc skeletons (D:10)
  12 orc zombies (D:10)
  4 rats
263 creatures vanquished.

Vanquished Creatures (others)
  2 plants (Lair:1)
2 creatures vanquished.

Grand Total: 265 creatures vanquished

Notes
Turn   | Place    | Note
-------+----------+-------------------------------------------
     0 | D:1      | lunkers the Demigod Earth Elementalist began the quest for
                  | the Orb.
     0 | D:1      | Reached XP level 1. HP: 14/14 MP: 5/5
   397 | D:1      | Reached skill level 3 in Earth Magic
   680 | D:1      | Reached XP level 2. HP: 20/20 MP: 2/7
  1415 | D:2      | Noticed Robin
  1597 | D:2      | Reached XP level 3. HP: 19/26 MP: 6/9
  1682 | D:2      | Killed Robin
  1955 | D:2      | Learned a level 2 spell: Passwall
  1959 | D:2      | Learned a level 3 spell: Stone Arrow
  2355 | D:2      | Noticed Terence
  2366 | D:2      | Killed Terence
  2367 | D:2      | Reached skill level 4 in Earth Magic
  2367 | D:2      | Reached XP level 4. HP: 8/33 MP: 8/10
  3020 | D:3      | Found Wub Jiny's Assorted Antiques.
  3059 | D:3      | Reached skill level 1 in Conjurations
  3263 | D:3      | Found Gyurietza's Distillery.
  4155 | D:4      | Noticed an ogre
  4157 | D:4      | Reached XP level 5. HP: 38/38 MP: 8/12
  4159 | D:4      | Killed an ogre
  4232 | D:4      | Reached XP level 6. HP: 39/45 MP: 3/13
  4262 | D:4      | Reached skill level 5 in Earth Magic
  5091 | D:4      | Got the Guide on the Shifting Rocks
  5542 | D:5      | Entered Level 5 of the Dungeon
  5643 | D:5      | Reached XP level 7. HP: 50/50 MP: 8/15
  6026 | D:5      | Noticed Blork the orc
  6031 | D:5      | Killed Blork the orc
  6205 | D:5      | Reached skill level 6 in Earth Magic
  6715 | D:6      | Noticed a steam dragon
  6717 | D:6      | Reached skill level 5 in Conjurations
  6717 | D:6      | Reached XP level 8. HP: 57/57 MP: 7/17
  6977 | D:6      | Got the Handbook of Supportive Transmutation
  6985 | D:6      | Reached skill level 7 in Earth Magic
  7369 | D:6      | Found a staircase to the Ecumenical Temple.
  7484 | D:6      | Found a runed translucent door.
  7485 | D:6      | Noticed Seanster0919's ghost (novice MiFi)
  8532 | D:7      | Got the Collected Works on Feathers and Ignition
  8883 | D:8      | Identified the +0 scale mail of Ommahogo {Regen+ rCorr
                  | Int+4}
  8991 | D:7      | Reached skill level 5 in Spellcasting
  8991 | D:7      | Reached XP level 9. HP: 57/62 MP: 1/20
  9104 | D:8      | Reached skill level 8 in Earth Magic
  9219 | D:8      | Learned a level 4 spell: Petrify
  9221 | D:8      | Noticed Joseph
  9228 | D:8      | Killed Joseph
 10256 | D:9      | Noticed Erica
 10263 | D:9      | Killed Erica
 10264 | D:9      | Reached skill level 9 in Earth Magic
 10295 | D:9      | Reached XP level 10. HP: 49/69 MP: 4/22
 10349 | D:9      | Noticed a death yak
 10688 | D:9      | Found Zajuxiot's General Store.
 10723 | D:9      | Killed a death yak
 10797 | D:9      | Found a staircase to the Lair.
 10860 | D:9      | Found Caop's Antique Weapon Emporium.
 10939 | D:9      | Found Laymir's Assorted Antiques.
 10955 | D:9      | Found Dopuom's Antique Armour Boutique.
 10990 | D:10     | Entered Level 10 of the Dungeon
 11248 | D:10     | Noticed Josephine
 11254 | D:10     | Killed Josephine
 11255 | D:10     | Reached skill level 10 in Earth Magic
 11263 | D:10     | Found a staircase to the Orcish Mines.
 12512 | D:11     | Noticed a green ugly thing
 12516 | D:11     | Killed a green ugly thing
 12911 | Lair:1   | Entered Level 1 of the Lair of Beasts
 12989 | Lair:1   | Reached skill level 10 in Conjurations
 12989 | Lair:1   | Reached XP level 11. HP: 74/74 MP: 2/25
 13262 | D:9      | Reached skill level 11 in Earth Magic
 13595 | Lair:1   | Slain by a black mamba

Illustrated notes

Levels and vault maps discovered:
D:1:      dpeg_arrival_rhombi, layout_basic, shapermc_ecumenical_altar_venn,
          minivault_19, hangedman_decor_points
D:2:      layout_basic, kennysheep_generic_room_5, uniq_terence, uniq_robin
D:3:      minmay_door_path, layout_loops_cross, nicolae_overflow_hidden_temple,
          serial_shops, shop, shop
D:4:      layout_cave_pools
D:5:      layout_basic, uniq_blork_the_orc
D:6:      layout_gridville, minmay_temple_entry_enclosed_plants,
          ebering_ghost_reflecting_pool, minmay_tree_intersection
D:7:      layout_basic, corexii_checkpoint_b, corexii_corridor_pit
D:8:      layout_loops_cross, kennysheep_big_empty_room, uniq_joseph
D:9:      layout_cave_pools, david_lair_generic, serial_shops, shop,
          nicolae_take_the_stairs, kennysheep_mini_moat,
          nicolae_shop_behind_doors, uniq_erica
D:10:     layout_roguey, marbit_many_paths, zombieorc2_lemuel, uniq_josephine
D:11:     layout_cave_pools
Lair:1:   layout_cave_pods

Skill      XL: |  1  2  3  4  5  6  7  8  9 10 11 |
---------------+----------------------------------+-----
Earth Magic    | 3 4 5 6 7 9 10 11 | 11.2
Spellcasting   | 2 3 4 5 6 7 |  7.2
Conjurations   | 1 2 3 5 6 8 10 | 10.5
Dodging        | |  1.7
Stealth        | |  1.7
Transmutations | |  0.8

Action                   |  1- 3 |  4- 6 |  7- 9 | 10-12 || total
-------------------------+-------+-------+-------+-------++-------
Melee: Short sword       |    17 |    85 |    45 |    50 ||   197
       Punch             |       |       |     1 |       ||     1
 Cast: Sandblast         |    57 |    12 |    15 |    16 ||   100
       Stone Arrow       |       |    29 |    97 |   142 ||   268
Evoke: Tin of tremorston |       |       |       |     1 ||     1
  Use: Scroll            |       |     7 |    12 |     8 ||    27
 Stab: Sleeping          |     1 |       |       |       ||     1
Armor: Robe              |     6 |    20 |    16 |     7 ||    49
       Leather armour    |       |       |       |    37 ||    37
Dodge: Dodged            |    21 |    55 |    61 |    82 ||   219

Table legend: (Time is in decaauts)
 A = Elapsed time spent in this place.
 B = Non-inter-level travel time spent in this place.
 C = Inter-level travel time spent in this place.
 D = Time resting spent in this place.
 E = Time spent auto-exploring this place.
 F = Levels seen in this place.
 G = Mean time per level.
                   A        B        C        D        E       F      G
               +--------+--------+--------+--------+--------+-----+--------+
         Total |  13644 |  13291 |    353 |   1901 |   9737 |  12 | 1137.0 |
       Dungeon |  13444 |  13092 |    352 |   1901 |   9611 |  11 | 1222.2 |
          Lair |    199 |    199 |      0 |      0 |    126 |   1 |  199.0 |
               +--------+--------+--------+--------+--------+-----+--------+

Top non-repeatable levels by time:
     D:9: 1747 daAuts
     D:7: 1729 daAuts
     D:1: 1654 daAuts
     D:3: 1457 daAuts
    D:10: 1436 daAuts
     D:2: 1319 daAuts
     D:4: 1122 daAuts
     D:5: 1076 daAuts
     D:8: 1012 daAuts
     D:6: 883 daAuts
  Lair:1: 199 daAuts
    D:11: 5 daAuts
